Map: Berlingrad LE

Players

IIIIIIIII - Winner!

  • Race: Terran Terran
  • League: Master
  • Spawn Location: 5:00

IlIlIlIlIlI

  • Race: Protoss Protoss
  • League: Master
  • Spawn Location: 11:00

VOD

Have the link to the VOD?

Description

Time

  • Played on: April 7, 2022, 8:57 a.m.
  • Length: 8:02
Show
View Real Time Build Order
Export as new Build Order

IIIIIIIII Terran - Winner!

Build Orders:  

Get SALT Encoding   

  12  0:00  SCV  
  13  0:12  SCV  
  14  0:16  Supply Depot  
  14  0:24  SCV  
  15  0:38  SCV  
  15  0:40  Barracks  
  15  0:42  Refinery  
  16  0:50  SCV  
  17  1:02  SCV  
  18  1:14  SCV  
  19  1:26  Marine  
  19  1:27  Orbital Command  
  20  1:45  Command Center  
  20  1:46  Barracks Reactor  
  20  1:53  SCV  
  21  1:57  Supply Depot  
  21  2:05  SCV  
  22  2:09  Factory  
  22  2:16  Refinery  
  22  2:19  SCV  
  23  2:22  Marine  
  23  2:23  Marine  
  23  2:28  Bunker  
  25  2:31  SCV  
  26  2:40  Marine x2  
  28  2:44  SCV  
  29  2:56  SCV, Starport  
  29  3:01  Orbital Command  
  29  3:06  Widow Mine  
  29  3:08  SCV  
  29  3:11  Marine  
  33  3:14  Marine  
  34  3:21  SCV  
  34  3:26  SCV  
  36  3:27  Widow Mine  
  36  3:29  Supply Depot  
  36  3:32  Medivac  
  40  3:34  SCV  
  40  3:36  Marine  
  40  3:37  Marine  
  40  3:40  SCV  
  44  3:46  SCV  
  45  3:52  Factory Tech Lab  
  45  3:54  Supply Depot  
  44  3:56  SCV  
  44  3:57  Marine x2  
  44  3:58  SCV  
  48  4:08  SCV, Barracks  
  49  4:10  SCV  
  49  4:16  Marine  
  49  4:17  Marine, Factory Tech Lab, Raven  
  51  4:18  Supply Depot  
  51  4:20  SCV  
  51  4:23  SCV  
  56  4:25  Supply Depot  
  56  4:32  Engineering Bay  
  56  4:34  SCV  
  56  4:35  SCV  
  56  4:36  Siege Tank  
  61  4:39  Marine  
  61  4:40  Marine, Refinery  
  63  4:46  SCV  
  63  4:47  SCV  
  63  4:49  Barracks  
  65  4:58  SCV  
  65  4:59  SCV  
  65  5:00  Marine x2  
  65  5:01  Terran Infantry Weapons Level 1, Refinery  
  65  5:10  SCV, Supply Depot  
  65  5:11  Stimpack  
  65  5:12  Marauder  
  65  5:13  SCV  
  67  5:21  Supply Depot  
  67  5:22  Marine x2, SCV, Starport Reactor, Factory Reactor  
  70  5:33  Supply Depot  
  70  5:34  Marauder  
  72  5:40  Marine x2  
  74  5:44  Combat Shield  
  74  5:45  Marauder, Supply Depot  
  76  5:55  Marauder  
  76  5:56  Supply Depot  
  78  5:57  Marine  
  78  5:58  Marine  
  78  5:59  Medivac x2  
  78  6:00  Widow Mine x2  
  88  6:11  Marauder  
  90  6:12  Command Center  
  90  6:15  Marine x2  
  90  6:16  Marine  
  93  6:20  Supply Depot  
  93  6:21  Supply Depot  
  93  6:27  Widow Mine x2  
  93  6:32  Marauder  
  99  6:33  Marine  
  99  6:34  Marauder  
  99  6:35  Medivac  
  99  6:36  Marine  
  104  6:45  Medivac  
  106  6:49  SCV x2  
  106  6:50  Widow Mine  
  106  6:52  Barracks  
  108  6:55  Barracks  
  108  7:00  Marine x4  
  108  7:01  SCV x2  
  114  7:04  Widow Mine  
  115  7:15  Widow Mine  
  113  7:17  Marine  
  113  7:18  Marine  
  113  7:22  Marauder x2  
  115  7:26  Medivac x2  
  114  7:32  SCV x2  
  114  7:35  Marine  
  113  7:37  Orbital Command  
  113  7:38  Marine  
  113  7:40  Widow Mine x2  
  113  7:44  SCV, Barracks Reactor, Barracks Tech Lab  
  117  7:46  SCV  
Show
View Real Time Build Order
Export as new Build Order

IlIlIlIlIlI Protoss 

Build Orders: 1 Gate Expand, Blink Stalkers 

Get SALT Encoding   

  12  0:01  Probe  
  13  0:13  Probe  
  14  0:19  Pylon  
  14  0:25  Probe (Chrono Boost)  
  15  0:37  Gateway  
  15  0:38  Probe (Chrono Boost)  
  16  0:45  Probe (Chrono Boost)  
  16  0:46  Assimilator  
  17  0:52  Probe  
  18  1:04  Probe  
  19  1:16  Probe  
  20  1:27  Cybernetics Core  
  20  1:35  Nexus  
  20  1:39  Pylon  
  20  1:41  Probe  
  21  1:48  Assimilator  
  21  1:53  Probe  
  22  2:00  Adept (Chrono Boost)  
  22  2:05  Shield Battery  
  22  2:06  Warp Gate  
  24  2:10  Probe  
  25  2:20  Stalker (Chrono Boost)  
  24  2:25  Probe  
  27  2:33  Twilight Council  
  27  2:39  Probe  
  27  2:43  Stalker  
  30  2:49  Probe (Chrono Boost)  
  31  2:56  Probe (Chrono Boost)  
  32  3:01  Probe (Chrono Boost)  
  33  3:06  Gateway  
  33  3:07  Blink (Chrono Boost)  
  33  3:08  Probe (Chrono Boost)  
  35  3:15  Probe  
  35  3:19  Probe  
  36  3:27  Probe  
  36  3:31  Probe  
  38  3:40  Probe  
  39  3:43  Probe  
  40  3:52  Probe  
  40  3:55  Nexus  
  41  3:56  Probe  
  41  3:58  Pylon  
  42  4:04  Probe  
  42  4:08  Probe  
  44  4:11  Pylon  
  44  4:15  Stalker  
  44  4:16  Forge, Probe  
  47  4:19  Stalker  
  47  4:22  Probe  
  50  4:29  Shield Battery  
  50  4:36  Gateway  
  50  4:39  Gateway, Probe x2  
  50  4:42  Sentry  
  50  4:44  Protoss Ground Weapons Level 1 (Chrono Boost)  
  54  4:46  Stalker  
  54  4:58  Charge  
  54  5:05  Probe (Chrono Boost)  
  54  5:06  Assimilator, Probe (Chrono Boost)  
  56  5:09  Probe (Chrono Boost)  
  57  5:17  Robotics Facility  
  57  5:20  Probe (Chrono Boost)  
  60  5:21  Probe x2 (Chrono Boost)  
  60  5:25  Probe (Chrono Boost)  
  60  5:28  Probe  
  62  5:29  Probe  
  63  5:36  Gateway x2  
  63  5:40  Gateway  
  63  5:42  Gateway  
  63  5:45  Pylon  
  63  5:49  Pylon, Probe x2  
  65  5:51  Probe  
  65  5:53  Sentry  
  65  5:54  Sentry  
  70  6:01  Probe  
  70  6:02  Probe  
  70  6:03  Probe  
  73  6:06  Stalker x2  
  73  6:10  Pylon  
  76  6:13  Probe  
  76  6:16  Probe  
  76  6:17  Probe  
  76  6:18  Colossus (Chrono Boost)  
  79  6:20  Observer  
  79  6:25  Probe  
  81  6:28  Pylon, Probe  
  81  6:29  Probe  
  81  6:30  Photon Cannon  
  83  6:37  Probe  
  84  6:43  Zealot x6  
  96  6:49  Immortal (Chrono Boost)  
  96  6:52  Pylon  
  100  7:03  Stalker x3  
  100  7:04  Stalker  
  106  7:15  Zealot x4, Shield Battery  
  96  7:27  Zealot x3  
  96  7:28  Zealot  
  80  7:40  Zealot x4  
  82  7:49  Stalker x3  
  82  7:50  Stalker  
Tags
 
Add a new tag
Caveats
  • Supply blocks, unpowered buildings, or Contaminate may cause inaccurate times.
  • Supply counts are checked every 10 seconds.